← All builds
Geo / Armada / Economy first / OBSERVED BUILD

Standard geo

Armada Geo build order · Supreme Isthmus

The standard Geo build: fast geothermal into T2 constructor and advanced geothermal, blowing the commander for T2 and bringing Starlight and other T2 units to front while supplying allies with constructors and rez bots.

Usually blows up the commander for T2 (67%)

#eco #t2 #team support · 802 distinct matches · 112 players · 58% of Armada Geo games · team won 54% of 903 · Recently observed

HOW TO PLAY IT

Key timing: Geothermal Powerplant by 3:26

  1. Open mex and wind into Bot Lab.
  2. Rush geothermal for the early energy spike.
  3. Add Advanced Metal Extractor, then Advanced Geothermal by 7:07.
  4. Bring up Vehicle Plant alongside T2 con for "Starlight" and vehicles.
  5. Funnel "Starlight" and T1 vehicles to front, pay allies with cons and "Lazarus".

Phase by phase

TYPICAL OF ITS 802 GAMES
  1. 1
  2. 2
  3. 3
  4. 4
PLAY THE OPENING

Follow the example game's first 6:00 step by step: what to build now, what comes next, and where it goes. At 1× it keeps pace with your own game.

  1. 1

    Up to the Bot Lab

    Economy
    • Metal Extractor2Mex
    • Wind Turbine4Wind
    Order
    1. Bot LabBot Lab after 2 mex, 4 winddone ~1:11, middle half 0:58–1:22

    By 0:54 in all: 2 mex · 4 wind

    The example game in this phase · 3 steps
    1. Mex ×3
    2. Wind ×3
    3. Bot LabBot Labdone 1:16 · typical 1:11
  2. 2

    Bot Lab to 5:00

    Economy
    • Metal Extractor2Mex
    • Wind Turbine3Wind
    • Energy Converter8Converter
    • Energy Storage1Energy storage
    Order
    1. Geothermal PowerplantGeo after 4 mex, 5 wind, 1 energy storage
    Builders
    • Construction Turret5 Con turret
    • Lazarus4 Lazarus
    • Construction Bot2 Con bot
    • Construction Bot1 Con bot for allies
    • Lazarus1 Lazarus for allies

    By 5:00 in all: 4 mex · 7 wind · 1 geo · 8 converter · 1 energy storage · 5 con turret

    The example game in this phase · 24 steps
    1. LazarusLazarus ×2
    2. Wind
    3. LazarusLazarus
    4. LazarusLazarusfor Beach sea
    5. Wind
    6. Construction BotCon bot
    7. LazarusLazarus
    8. Construction BotCon bot
    9. Con turret
    10. LazarusLazarus
    11. Mex
    12. Geothermal PowerplantGeodone 3:38 · typical 3:26
    13. Energy storage
    14. Wind ×3
    15. Con turret ×2
    16. Energy storage
    17. Converter
    18. Con turret
    19. Converter ×4
    20. Con turret
    21. Converter
    22. Con turret
    23. Advanced Metal ExtractorT2 mexdone 5:26 · typical 5:34
    24. Converter
  3. 3

    5:00 to Vehicle Plant

    Order
    1. Advanced Geothermal PowerplantAdvanced Geothermal Powerplant after 8 wind, 10 converter, 6 con turretin 59% of games
    2. Vehicle PlantVehicle Plant after 10 wind, 10 converter, 6 con turretdone ~7:07, middle half 6:41–7:38
    Builders
    • Construction Turret1 Con turret

    Some games also: converter (49%) · wind (47%)

    By 6:59 in all: 4 mex · 10 wind · 1 geo · 1 Advanced Geothermal Powerplant · 10 converter · 1 energy storage

    The example game in this phase · 7 steps
    1. Advanced Metal ExtractorT2 mex
    2. Con turret
    3. Advanced Metal ExtractorT2 mex ×2
    4. Wind
    5. Advanced Geothermal PowerplantAdvanced Geothermal Powerplantdone 7:07 · typical 7:08
    6. Wind ×4
    7. Vehicle PlantVehicle Plantdone 7:14 · typical 7:07
  4. 4

    Vehicle Plant to 10:00

    Economy
    • Wind Turbine6Wind
    • Energy Converter4Converter
    Order
    1. Advanced Vehicle PlantAdvanced Vehicle Plant after 11 wind, 12 converter, 7 con turret
    Builders
    • Construction Vehicle1 Con vehicle
    Army
    • Starlight2 Starlight
    • Umbra1 Jammer
    • Prophet1 Radar vehicle

    Some games also: T2 con vehicle for allies (50%) · con turret (49%) · Jaguar (32%)

    By 10:00 in all: 4 mex · 20 wind · 1 geo · 1 Advanced Geothermal Powerplant · 16 converter · 1 energy storage

    The example game in this phase · 72 steps
    1. Construction VehicleCon vehicle
    2. Advanced Vehicle PlantAdvanced Vehicle Plantdone 7:41 · typical 8:05
    3. Converter
    4. StarlightStarlightdone 8:00 · typical 9:01
    5. Converter ×3
    6. Radar TowerRadar Tower
    7. Advanced Construction VehicleT2 con vehiclefor Suicide front
    8. Converter ×3
    9. Advanced Construction VehicleT2 con vehiclefor Front
    10. Converter ×2
    11. StarlightStarlight
    12. Converter ×4
    13. StarlightStarlight
    14. Converter ×2
    15. UmbraJammer
    16. Converter
    17. ProphetRadar vehicle
    18. Converter
    19. StarlightStarlight
    20. Converter
    21. Metal storage
    22. BullBulldone 10:00
    23. Bot LabBot Lab ×4done 10:20
    24. PawnPawn ×11
    25. Con turret
    26. PawnPawn ×7
    27. BeamerBeamer
    28. PawnPawn
    29. Con turret
    30. PawnPawn ×5
    31. Wind
    32. PawnPawn ×7
    33. Wind
    34. PawnPawn ×7
    35. Wind
    36. PawnPawn ×3
    37. BeamerBeamer
    38. PawnPawn ×4
    39. Wind
    40. PawnPawn ×5
    41. Wind
    42. PawnPawn ×8
    43. Wind
    44. PawnPawn ×23
    45. Wind
    46. PawnPawn ×12
    47. Wind
    48. PawnPawn ×4
    49. GruntGrunt
    50. PawnPawn ×3
    51. ThugThug
    52. PawnPawn ×9
    53. RocketeerRocketeer
    54. PawnPawn ×2
    55. Wind
    56. PawnPawn ×10
    57. SentrySentry
    58. PawnPawn ×4
    59. BlitzBlitz
    60. PawnPawn ×8
    61. Wind
    62. PawnPawn
    63. ThugThug
    64. PawnPawn ×56
    65. LazarusLazarus
    66. PawnPawn ×2
    67. LazarusLazarus
    68. PawnPawn ×2
    69. LazarusLazarus
    70. PawnPawn ×69
    71. Advanced Vehicle PlantAdvanced Vehicle Plantnot finished by 15:00
    72. PawnPawn ×4

Counts are medians over the build's games: half of them build more, half fewer. The example game is [RISK]daboss's (40 OS, 03/10/2026); pick another.

Team trades

IN AT LEAST 30% OF ITS GAMES

You hand over

  • Lazarus1 Lazarus to Beach seafirst at 2:16 · in 78% of games
  • Construction Bot1 Con bot to Beach seafirst at 2:29 · in 87% of games
  • Advanced Construction Vehicle1 T2 con vehicle to Suicide front or Frontfirst at 8:49 · in 63% of games

You get

  • Hercules1 Light transport from Airfirst at 4:18 · in 32% of games
  • Advanced Construction Bot1 T2 con bot from Techfirst at 4:50 · in 95% of games

How it plays out

Typical game of this build, running totals by minute

Metal produced

020k40k
0:005:0010:0015:00

metal

Enemy metal destroyed

05k10k15k
0:005:0010:0015:00

metal

Own metal lost

02.5k5k7.5k
0:005:0010:0015:00

metal

903 games.

Show as table
ByMetal produced: This buildEnemy metal destroyed: This buildOwn metal lost: This build
1:0033300
2:0082800
3:00152800
4:00270000
5:00372600
6:00568000
7:00812400
8:0011491021
9:001450151126
10:0017416556260
11:00203961983750
12:002327339401876
13:002606260193262
14:002898084264635
15:0031650104596170
WHAT THE NUMBERS SAY

Standard Geo build dominates the resource numbers, with zero own losses through 10:00 and a huge metal lead by 15:00.

  • + Metal produced hits 31426 by 15:00, highest of all six builds
  • + Own metal lost is 0 by 5:00 and only 334 by 10:00
  • − First Starlight only arrives in 57% of games by 9:19
  • − Advanced geothermal lands in just 69% of games by 7:16
THE EXAMPLE YOU ARE READING

[RISK]daboss

40.3 OS · 03/10/2026

Open source match ↗

3 received units · includes a constructor
5640 metal received · 189539 energy received

Allied construction assistance is unknown. Timings are observations, not a promise of solo reproducibility.

Typical milestones

Bot Lab1:11Middle 50%: 0:58–1:22 · n=902
Geothermal Powerplant3:26Middle 50%: 3:11–3:43 · n=900
Advanced Metal Extractor5:34Middle 50%: 5:19–5:57 · n=897
Vehicle Plant7:07Middle 50%: 6:41–7:38 · n=862
Advanced Geothermal Powerplant7:08Middle 50%: 6:50–7:35 · n=647
Advanced Vehicle Plant8:05Middle 50%: 7:40–8:42 · n=822
Starlight9:01Middle 50%: 8:32–9:48 · n=724

Played most by

0neTw0100games of this buildzeus_on_god96games of this buildViltrum51games of this buildXad48games of this buildDamsko44games of this build